 Dungeon Crawl Stone Soup version 0.29-a0-676-ga64570c9d2 (webtiles) character file.

Game seed: 12463473689413074269

7178 wingedge the Zephyrmancer (level 11, -3/66 HPs)
             Began as a Tengu Air Elementalist on June 24, 2022.
             Was a Priest of Vehumet.
             Slain by a hornet (7 damage)
             ... while paralysed by a hornet
             ... on level 9 of the Dungeon.
             The game lasted 01:13:08 (11092 turns).

wingedge the Zephyrmancer (Tengu Air Elementalist) Turns: 11092, Time: 01:13:09

Health: -3/66      AC: 10    Str:  8    XL:     11   Next: 11%
Magic:  1/21       EV:  2    Int: 19    God:    Vehumet [***...]
Gold:   492        SH:  0    Dex: 16    Spells: 10/22 levels left

rFire   . . .      SeeInvis .   b - +3 shortbow (chaos)
rCold   . . .      Faith    .   (shield currently unavailable)
rNeg    . . .      Spirit   .   B - +0 acid dragon scales
rPois   .          Reflect  .   (helmet restricted)
rElec   .          Harm     .   d - +2 cloak {Will+}
rCorr   +          Rampage  .   (no gloves)
Will    ++...                   (boots unavailable)
Stlth   ++........              p - amulet of regeneration
HPRegen 1.01/turn               m - ring of willpower
MPRegen 0.17/turn               u - ring of resist corrosion

@: paralysed, lethally poisoned (-3 -> -18), flying quickly and evasively,
slowed, quick
A: beak, talons 3, nimble flight
a: Renounce Religion


You were on level 9 of the Dungeon.
You worshipped Vehumet.
Vehumet was most pleased with you.
You visited 1 branch of the dungeon, and saw 9 of its levels.

You collected 492 gold pieces.

Inventory:

Hand Weapons
 a - a +3 dire flail
 b - a +3 shortbow of chaos (weapon)
Armour
 d - a +2 cloak of willpower (worn)
 h - a +1 ring mail
 B - +0 acid dragon scales (worn)
 C - a +0 leather armour
Jewellery
 i - an amulet of faith
 m - a ring of willpower (left hand)
 p - an amulet of regeneration (around neck)
 u - a ring of resist corrosion (right hand)
 E - a ring of fire
 I - a ring of ice
Wands
 l - a wand of light (8)
Scrolls
 j - 2 scrolls of immolation
 s - a scroll of silence {unknown}
 w - a scroll of fear {unknown}
 x - 2 scrolls of magic mapping
 y - 2 scrolls of enchant armour
 F - 4 scrolls of teleportation
Potions
 f - 2 potions of invisibility {unknown}
 g - a potion of flight {unknown}
 n - a potion of degeneration {unknown}
 o - 3 potions of curing {unknown}
 q - 5 potions of heal wounds {unknown}
 r - 3 potions of lignification {unknown}
 t - a potion of berserk rage {unknown}
 v - 2 potions of ambrosia {unknown}
 z - 3 potions of brilliance {unknown}
 A - 2 potions of might {unknown}
 D - 2 potions of haste {unknown}
 G - 4 potions of attraction {unknown}
 H - a potion of magic


   Skills:
 + Level 6.6 Fighting
 - Level 0.4(2.0) Axes
 - Level 3.1 Maces & Flails
 * Level 5.3 Bows
 - Level 2.0 Throwing
 + Level 6.1 Armour
 + Level 4.2 Dodging
 + Level 2.8 Stealth
 + Level 6.0 Spellcasting
 + Level 9.1 Conjurations
 + Level 10.9 Air Magic


You had 10 spell levels left.
You knew the following spells:

 Your Spells              Type           Power      Damage    Failure   Level
a - Shock                 Conj/Air       100%       1d9       1%          1
b - Static Discharge      Conj/Air       43%        N/A       1%          2
c - Swiftness             Air            47%        N/A       1%          3
d - Searing Ray           Conj           80%        2d7       1%          2
f - Airstrike             Air            23%        N/A       1%          4

Your spell library contained the following spells:

 Spells                   Type           Power      Damage    Failure   Level
 Dazzling Flash           Conj/Hex       46%        N/A       2%          3
 Magic Dart               Conj           100%       1d8       1%          1
 Fulminant Prism          Conj/Hex       11%        3d9       8%          4
 Freezing Cloud           Conj/Ice/Air   15%        6-21      9%          5
 Necrotize                Necr           20%        1d5       19%         1
 Sublimation of Blood     Necr           5%         N/A       26%         2
 Corpse Rot               Necr/Pois/Air  19%        N/A       36%         4
 Silence                  Hex/Air        13%        N/A       45%         5
 Passage of Golubria      Tloc           5%         N/A       87%         4
 Haunt                    Necr/Summ      2%         N/A       100%        7
 Lehudib's Crystal Spear  Conj/Erth      11%        10d4      100%        8


Dungeon Overview and Level Annotations

Branches:
Dungeon (9/15)             Temple (0/1) D:7
   Lair: D:8-11         Orc: D:9-12

Altars:
Dithmenos
Hepliaklqana
Nemelex Xobeh
Trog
Uskayaw
Vehumet
Yredelemnul
Zin

Annotations:
D:2 rock blocking treasures
D:8 2 transporters, chrisa4242's ghost, novice OpMo


Innate Abilities, Weirdness & Mutations

You have a beak for a mouth.
You have claws for feet.
Your magical nature lets you fly swiftly and evasively.


Message History

You shoot an arrow. The arrow hits the hornet.
The hornet is heavily wounded.
You feel very sick. The hornet stings you!
You are more poisoned.
You feel as though you will be slow longer.
The hornet stings you but does no damage.
The hornet stings you.
You feel as though you will be slow longer.
The hornet completely misses you.
The hornet stings you but does no damage.
Casting: Airstrike (dangerous; 1% risk of failure)
Confirm with . or Enter, or press ? or * to list all spells.
The hornet is struck by an arc of lightning.
The hornet is heavily wounded.
The hornet is struck by an arc of lightning.
The hornet is heavily wounded.
The hornet is struck by an arc of lightning.
The hornet is severely wounded.
The lightning grounds out.
You feel very sick. The hornet closely misses you.
The hornet stings you but does no damage.
The hornet stings you!
You are more poisoned.
You suddenly lose the ability to move!
The hornet stings you.
You feel as though you will be slow longer.
You feel very sick.
The hornet stings you but does no damage.
The hornet stings you!
* * * LOW HITPOINT WARNING * * *
You are lethally poisoned!
You shrug off the repeated paralysis!
* * * LOW HITPOINT WARNING * * *
You feel very sick. The hornet stings you.
* * * LOW HITPOINT WARNING * * *
You feel as though you will be slow longer.
The hornet stings you!
You die...

...............
≈≈..............
≈≈..#<..........
≈≈≈.............
≈≈≈÷............
≈≈≈≈............
≈≈≈≈..yy...)....
≈≈≈≈..†@........
≈≈≈≈.#†..)......
≈≈≈≈......).....
≈≈........))....
≈.≈........)....
)≈..............
.)..............
.....#..........
...............


You could see 2 hornets.

Vanquished Creatures
  Pikel (D:7)
  A cyclops (D:8)
  The ghost of happo123 the Caller, a novice HOSu (D:5)
  Maggie (D:7)
  A troll (D:9)
  3 hornets
  2 wyverns
  4 yaks (D:8)
  2 steam dragons
  A water moccasin (D:7)
  Duvessa (D:7)
  4 orc warriors
  An ice beast (D:5)
  3 black bears
  2 sky beasts
  3 wolves (D:9)
  An ogre (D:6)
  3 centaurs
  A phantom (D:4)
  4 lemures (D:7)
  A kobold brigand (D:6)
  3 bullfrogs
  A scorpion (D:4)
  6 wights
  Dowan (D:7)
  2 electric eels (D:9)
  2 howler monkeys (D:7)
  2 centaur zombies (D:7)
  2 water moccasin simulacra (D:5)
  A bullfrog zombie (D:7)
  5 orc priests
  5 hounds
  A human zombie (D:7)
  10 iguanas
  7 orc wizards
  A killer bee zombie (D:7)
  A centaur simulacrum (D:5)
  2 mummies (D:7)
  2 howler monkey zombies (D:7)
  A killer bee simulacrum (D:5)
  4 gnolls (D:6)
  5 adders
  A hound simulacrum (D:5)
  3 shadow imps
  6 white imps
  5 worms
  A dart slug (D:2)
  An adder simulacrum (D:5)
  23 orcs
  10 ball pythons
  3 bats
  5 endoplasms
  3 giant cockroaches
  3 goblins
  9 hobgoblins
  3 jackals (D:5)
  3 quokkas
  2 frilled lizards (D:1)
  9 kobolds
  5 rats
200 creatures vanquished.

Vanquished Creatures (others)
  An adder (D:6)
1 creature vanquished.

Grand Total: 201 creatures vanquished

Notes
Turn   | Place    | Note
-------+----------+-------------------------------------------
     0 | D:1      | wingedge the Tengu Air Elementalist began the quest for the
                  | Orb.
     0 | D:1      | Reached XP level 1. HP: 10/10 MP: 4/4
   326 | D:1      | Reached XP level 2. HP: 16/16 MP: 0/6
   748 | D:1      | Reached skill level 1 in Fighting
   965 | D:2      | Found a faded altar of an unknown god.
  1072 | D:2      | Reached XP level 3. HP: 20/20 MP: 3/7
  1618 | D:2      | abc
  1629 | D:2      | Reached skill level 1 in Armour
  1694 | D:2      | You fall into a shaft and drop 2 floors!
  1703 | D:4      | Reached XP level 4. HP: 25/25 MP: 4/8
  1752 | D:4      | Noticed a phantom
  1803 | D:3      | Reached skill level 1 in Throwing
  2221 | D:3      | Found a glowing silver altar of Zin.
  2251 | D:3      | Learned a level 2 spell: Static Discharge
  2255 | D:3      | Learned a level 3 spell: Swiftness
  2290 | D:3      | Found a sparkling altar of Nemelex Xobeh.
  2291 | D:3      | Found a hide-covered altar of Uskayaw.
  2590 | D:3      | Gained mutation: Your magical nature lets you fly swiftly
                  | and evasively. [Tengu growth]
  2590 | D:3      | Reached XP level 5. HP: 30/30 MP: 1/9
  3280 | D:4      | Noticed a black bear
  3667 | D:4      | Reached skill level 1 in Maces & Flails
  3667 | D:4      | Reached skill level 5 in Air Magic
  3953 | D:4      | Found a radiant altar of Vehumet.
  3957 | D:4      | Became a worshipper of Vehumet
  4033 | D:4      | Reached XP level 6. HP: 36/36 MP: 3/10
  4133 | D:4      | Killed a black bear
  4356 | D:4      | Reached XP level 7. HP: 34/41 MP: 3/12
  4576 | D:4      | Learned a level 2 spell: Searing Ray
  4579 | D:5      | Entered Level 5 of the Dungeon
  4587 | D:5      | Found a runed translucent gate.
  4587 | D:5      | Found a runed translucent gate.
  4587 | D:5      | Found a runed translucent gate.
  4728 | D:5      | Reached skill level 6 in Air Magic
  4805 | D:5      | Noticed happo123's ghost (novice HOSu)
  5105 | D:5      | Noticed a steam dragon
  5507 | D:5      | Killed a steam dragon
  5508 | D:5      | Reached skill level 1 in Bows
  5508 | D:5      | Reached XP level 8. HP: 22/48 MP: 2/13
  6169 | D:6      | Reached skill level 7 in Air Magic
  6589 | D:6      | Reached * piety under Vehumet
  6589 | D:6      | Offered knowledge of Foxfire by Vehumet.
  6871 | D:6      | Got Sif Muna's Grimoire of Dark Magic and Lightness
  7189 | D:7      | Reached XP level 9. HP: 52/52 MP: 10/15
  7336 | D:7      | Noticed Duvessa
  7343 | D:7      | Noticed Dowan
  7352 | D:7      | Killed Duvessa
  7353 | D:7      | Reached skill level 8 in Air Magic
  7356 | D:7      | Killed Dowan
  7357 | D:7      | Reached skill level 5 in Conjurations
  7486 | D:7      | Noticed a hornet
  7496 | D:7      | Killed a hornet
  7742 | D:7      | Noticed a hornet
  7750 | D:7      | Killed a hornet
  7824 | D:7      | Learned a level 4 spell: Airstrike
  8114 | D:7      | Reached skill level 9 in Air Magic
  8136 | D:7      | Reached skill level 5 in Fighting
  8203 | D:7      | Found a basalt altar of Yredelemnul.
  8329 | D:7      | Offered knowledge of Sandblast by Vehumet.
  8330 | D:7      | Reached skill level 5 in Armour
  8413 | D:7      | Found a staircase to the Ecumenical Temple.
  8422 | D:7      | Noticed Pikel
  8445 | D:7      | Killed Pikel
  8446 | D:7      | Reached XP level 10. HP: 48/59 MP: 4/17
  8545 | D:7      | Found a hazy altar of Hepliaklqana.
  8772 | D:7      | Reached ** piety under Vehumet
  9512 | D:7      | Noticed Maggie
  9521 | D:7      | Killed Maggie
  9522 | D:7      | Reached skill level 5 in Spellcasting
  9621 | D:8      | Reached skill level 5 in Bows
  9623 | D:8      | Reached skill level 10 in Air Magic
  9721 | D:8      | Found a transporter.
  9737 | D:8      | Found a bloodstained altar of Trog.
  9743 | D:8      | Noticed a moth of wrath
  9744 | D:8      | Found a transporter.
  9746 | D:8      | Noticed chrisa4242's ghost (novice OpMo)
  9834 | D:5      | Killed happo123's ghost
 10072 | D:8      | Noticed a cyclops
 10075 | D:8      | Killed a cyclops
 10486 | D:8      | Found a shadowy altar of Dithmenos.
 10520 | D:8      | Offered knowledge of Dazzling Flash by Vehumet.
 10911 | D:9      | Reached *** piety under Vehumet
 10912 | D:9      | Reached XP level 11. HP: 35/66 MP: 8/20
 11090 | D:9      | Paralysed by a hornet for 3 turns
 11092 | D:9      | Slain by a hornet

Illustrated notes

#### #.......#
...# #.......#
...# #.......#
...# #......##
...# #.......#
...# #.......#
...# #.......#
...#
##.....#######
####
##...@.......
##..........
#...#####..
#...#![!#..
#...#:![#..
#...#$:!#..
#...#####..
#$......S..


Turn 1618 on D:2: abc

Levels and vault maps discovered:
D:1:      saegor_arrival_simple_a, layout_rooms, kennysheep_decorative_pillar
D:2:      layout_rooms, ebering_ecumenical_altar_webs, due_unseen_surprise
D:3:      layout_basic, nicolae_overflow_hidden_temple,
          cheibrodos_sewer_entry_bend
D:4:      layout_basic, mainiacjoe_overflow_alcove_4, moated_statue
D:5:      layout_cave_pods, gammafunk_ghost_icy, grunt_ministairs_13
D:6:      layout_rooms
D:7:      layout_loops_corners, lemuel_mausoleum_altar_yredelemnul,
          nzn_hepliaklqana_mist_gate, minmay_temple_entry_glassed_door,
          chequers_decorated_corner, uniq_pikel, uniq_maggie, uniq_duvessa
D:8:      layout_rooms, lemuel_crystal_altar, gammafunk_ghost_wrathful_warriors
D:9:      layout_cross, erik_lair_island, serial_shops,
          nicolae_shop_hallway_stairs, nicolae_shop_advertising_works
          [nicolae_subvault_shop_adworks], nicolae_shop_statue_plus,
          st_stairs_2, nicolae_barding_shop

Skill      XL: |  1  2  3  4  5  6  7  8  9 10 11 |
---------------+----------------------------------+-----
Fighting       | 1 2 3 4 5 6 |  6.6
Armour         | 1 2 3 5 6 |  6.1
Conjurations   | 2 3 4 6 8 9 |  9.1
Throwing       | 1 2 |  2.0
Maces & Flails | 1 2 3 |  3.1
Air Magic      | 5 6 7 9 10 | 10.9
Dodging        | 3 4 |  4.2
Spellcasting   | 3 4 5 6 |  6.0
Bows           | 1 3 4 5 |  5.3
Axes           | |  0.4
Stealth        | |  2.8

Action                   |  1- 3 |  4- 6 |  7- 9 | 10-12 || total
-------------------------+-------+-------+-------+-------++-------
Melee: Short sword       |    12 |     4 |       |       ||    16
       Kick              |     4 |     9 |     7 |       ||    20
       Unarmed           |     1 |       |       |       ||     1
       Eveningstar       |       |    39 |    15 |       ||    54
       War axe           |       |     4 |       |       ||     4
       Peck              |       |     8 |     3 |       ||    11
       Punch             |       |     1 |     1 |       ||     2
       Dire flail        |       |       |     4 |       ||     4
 Fire: Shortbow          |       |       |    47 |    85 ||   132
Throw: Javelin           |     1 |       |       |       ||     1
       Dart              |       |     5 |       |       ||     5
 Cast: Shock             |    77 |    93 |    82 |     2 ||   254
       Swiftness         |       |     1 |     5 |     2 ||     8
       Static Discharge  |       |     2 |    19 |    10 ||    31
       Searing Ray       |       |       |    42 |     3 ||    45
       Airstrike         |       |       |     8 |    60 ||    68
Evoke: Wand              |       |       |     6 |     2 ||     8
  Use: Scroll            |     4 |     1 |     1 |     4 ||    10
       Potion            |       |       |     1 |       ||     1
Armor: Robe              |     7 |    15 |    14 |       ||    36
       Ring mail         |       |       |    31 |     8 ||    39
       Acid dragon scale |       |       |       |    31 ||    31
Dodge: Dodged            |    19 |    30 |   121 |    68 ||   238

Table legend: (Time is in decaauts)
 A = Elapsed time spent in this place.
 B = Non-inter-level travel time spent in this place.
 C = Inter-level travel time spent in this place.
 D = Time resting spent in this place.
 E = Time spent auto-exploring this place.
 F = Levels seen in this place.
 G = Mean time per level.
                   A        B        C        D        E       F      G
               +--------+--------+--------+--------+--------+-----+--------+
         Total |  10746 |  10276 |    470 |   4123 |   3948 |   9 | 1194.0 |
       Dungeon |  10746 |  10276 |    470 |   4123 |   3948 |   9 | 1194.0 |
               +--------+--------+--------+--------+--------+-----+--------+

Top non-repeatable levels by time:
     D:7: 2244 daAuts
     D:5: 1511 daAuts
     D:4: 1455 daAuts
     D:8: 1230 daAuts
     D:3: 1147 daAuts
     D:2: 1069 daAuts
     D:1: 939 daAuts
     D:6: 919 daAuts
     D:9: 228 daAuts
